 Dungeon Crawl Stone Soup version 0.19-b1-5-gdc9fa9d (webtiles) character file.

42947 kraedy the Bludgeoner (level 14, -3/87 HPs)
             Began as a Gargoyle Fighter on Oct 31, 2016.
             Was the Champion of Okawaru.
             Killed by the air
             ... invoked by a wind drake
              (14 damage)
             ... on level 6 of the Lair of Beasts.
             The game lasted 01:16:23 (22788 turns).

kraedy the Bludgeoner (Gargoyle Fighter)           Turns: 22788, Time: 01:16:24

Health: -3/87      AC: 34    Str: 29    XL:     14   Next: 22%
Magic:  22/23      EV: 10    Int: 13    God:    Okawaru [******]
Gold:   1028       SH: 12    Dex: 12    Spells: 0 memorised, 13 levels left

rFire  + + +     SeeInvis .     a - +3 demon whip of Tofohaom {freeze, rF+++ rC- Int+3 Dex+3}
rCold  x . .     Gourm    .     T - +1 plate armour {MR+}
rNeg   + . .     Faith    +     c - +0 shield
rPois  ∞         Spirit   .     U - +1 helmet
rElec  +         Reflect  .     i - +2 cloak {rF+}
rCorr  +         Harm     .     A - +1 pair of gloves
MR     +++..                    H - +0 pair of boots
Stlth  ..........               K - amulet of faith
                                n - ring of resist corrosion
                                x - ring of protection from magic

@: mighty, flying
A: big wings, talons 1, camouflage 1, blurry vision 3, high mp 1, negative
energy resistance 1, regeneration 1, electricity resistance, unbreathing,
petrification resistance, no device heal 1, rot immunity, AC +9
a: Stop Flying, Heroism, Finesse, Renounce Religion


You were on level 6 of the Lair of Beasts.
You worshipped Okawaru.
Okawaru was exalted by your worship.
You were hungry.

You visited 3 branches of the dungeon, and saw 18 of its levels.
You also visited: Volcano.

You collected 1142 gold pieces.
You spent 114 gold pieces at shops.

Inventory:

Hand Weapons
 a - the +3 demon whip of Tofohaom (weapon) {freeze, rF+++ rC- Int+3 Dex+3}
   (Okawaru gifted it to you on level 4 of the Lair of Beasts)

   It has been specially enchanted to freeze those struck by it, causing extra
   injury to most foes and up to half again as much damage against particularly
   susceptible opponents.
   It can also slow down cold-blooded creatures.
   It affects your intelligence (+3).
   It affects your dexterity (+3).
   It renders you almost immune to fire.
   It makes you vulnerable to cold.
 h - a +0 shortbow of velocity
 O - a +0 mace of holy wrath
Missiles
 C - 361 arrows (quivered)
Armour
 c - a +0 shield (worn)
 i - a +2 cloak of fire resistance (worn)
 l - a +3 chain mail of fire resistance
 A - a +1 pair of gloves (worn)
 H - a +0 pair of boots (worn)
 T - a +1 plate armour of magic resistance (worn)
 U - a +1 helmet (worn)
Jewellery
 n - a ring of resist corrosion (right hand)
 q - a +5 amulet of reflection
 x - a ring of protection from magic (left hand)
 K - an amulet of faith (around neck)
Wands
 m - a wand of enslavement (8/24)
 D - a wand of paralysis (24/24)
 M - a wand of disintegration (6/24)
 Y - a wand of digging (18/24)
Scrolls
 b - 6 scrolls of remove curse
 g - 2 scrolls of fog
 p - 11 scrolls of teleportation
 t - 3 scrolls of enchant weapon
 u - 4 scrolls of enchant armour
 E - 5 scrolls of fear
 G - 2 scrolls of magic mapping
 I - a scroll of blinking
 L - 3 scrolls of recharging
 R - 3 scrolls of identify
 X - a scroll of noise {unknown}
Potions
 e - 2 potions of might
 j - a potion of resistance
 k - 4 potions of berserk rage
 o - a potion of ambrosia
 s - a potion of agility
 J - 6 potions of flight
Books
 F - a book of Enchantments

   Spells                             Type                      Level
   a - Cause Fear                     Hexes                        4
   b - Yara's Violent Unravelling     Hexes/Transmutation          5
   c - Silence                        Hexes/Air                    5
   d - Deflect Missiles               Charms/Air                   6
   e - Discord                        Hexes                        8
 P - a book of Conjurations

   Spells                             Type                      Level
   a - Magic Dart                     Conjuration                  1
   b - Searing Ray                    Conjuration                  2
   c - Dazzling Spray                 Conjuration/Hexes            3
   d - Fulminant Prism                Conjuration/Hexes            4
   e - Iskenderun's Mystic Blast      Conjuration                  4
   f - Iskenderun's Battlesphere      Conjuration/Charms           5
 Q - the Papyrus of the Evil Mountains
   (You found it on level 2 of the Lair of Beasts)

   Spells                             Type                      Level
   a - Regeneration                   Charms/Necromancy            3
   b - Excruciating Wounds            Charms/Necromancy            5
   c - Shatter                        Earth                        9
 W - a book of Misfortune

   Spells                             Type                      Level
   a - Confusing Touch                Hexes                        1
   b - Confuse                        Hexes                        3
   c - Gell's Gravitas                Hexes/Translocation          3
   d - Petrify                        Transmutation/Earth          4
   e - Metabolic Englaciation         Hexes/Ice                    5
   f - Yara's Violent Unravelling     Hexes/Transmutation          5
Miscellaneous
 y - a crystal ball of energy
 S - 2 phantom mirrors
Comestibles
 f - 3 bread rations
 w - 28 fruits
 z - 2 meat rations
 V - a beef jerky


   Skills:
 + Level 9.6 Fighting
 * Level 15.4 Maces & Flails
 + Level 9.7 Armour
 + Level 7.1 Dodging
 + Level 9.6 Shields
 + Level 9.3 Invocations


You had 13 spell levels left.
You didn't know any spells.

Dungeon Overview and Level Annotations

Branches:
Dungeon (11/15)            Temple (1/1) D:4            Lair (6/6) D:9
  Swamp (0/4) Lair:3       Spider (0/4) Lair:3        Slime (0/5) Lair:6
    Orc (0/2) D:10

Altars:
Ashenzari
Cheibriados
Dithmenos
Elyvilon
Fedhas
Gozag
Hepliaklqana
Kikubaaqudgha
Makhleb
Nemelex Xobeh
Okawaru
Qazlal
Ru
Sif Muna
Trog
Uskayaw
Vehumet
Xom
Yredelemnul
Zin
The Shining One
Jiyva

Shops:
D:4 ?   D:5 (   D:10 *

Annotations:
D:11 Urug


Innate Abilities, Weirdness & Mutations

You are resistant to torment.
Your stone body is resilient. (AC +9)
You are immune to poison.
Your large and strong wings let you fly indefinitely.
You resist negative energy. (rN+)
You are resistant to electric shocks. (rElec)
You can survive without breathing.
You are immune to petrification.
You are immune to rotting.
You have sharp toenails.
Your skin changes colour to match your surroundings (Stealth+).
Scrolls take you much longer to read.
You have an increased reservoir of magic. (+10% MP)
Your natural rate of healing is unusually fast.
Potions and wands are less effective at restoring your health.


Message History

The wind drake flaps its wings at you.
The air twists around and violently strikes you in flight!
* * * LOW HITPOINT WARNING * * *
The rime drake breathes ice at you. You block the flash freeze.
The elephant tramples you but does no damage.
You block the elephant's attack.
The wind drake exhales a fierce blast of wind!
You are blown backwards!
The dire elephant is blown away by the wind.
The wind drake flaps its wings at you.
The air twists around and violently strikes you in flight!
The wind drake flaps its wings at you.
The air twists around and violently strikes you in flight!
* * * LOW HITPOINT WARNING * * *
You feel like a meek peon again.
Okay, then.
The wind drake flaps its wings at you.
The air twists around and violently strikes you in flight!
You die...

###.P..P....###......#....###....
####P.k.##.#.#.......###P###..#..
PP.#P...###....##....######.##...
P...+Y..##............###...#....
...##...#......###...###.........
.....Y..##).Y........# #....#P...
......Y##...#..PP....###.#.##....
...P...###^.##P.#P....#######....
..#.....##..#..P@....#...###.#...
.####....k...PP........#..###....
.............P...................
..##...P.#...##.P.#...#.....##.#.
###.###...#####..##..#..####.####
#.# ##### ########### ### ###


You could see a dire elephant and a wind drake.

Vanquished Creatures
  A dire elephant (Lair:6)
  The ghost of Franakus the Eclecticist, a journeyman DECj of Vehumet (Lair:5)
  Erolcha (D:9)
  Fannar (D:9)
  4 hydras
  An unseen horror (D:10)
  Pikel (D:7)
  2 manticores
  A salamander (Volcano)
  6 black mambas
  14 elephants
  2 centaur skeletons
  7 spiny frogs
  9 rime drakes
  11 komodo dragons
  The ghost of Gorglomux the Slasher, a novice VSFi (D:5)
  2 trolls
  4 polar bears
  A hornet (Lair:6)
  A two-headed ogre (Volcano)
  10 blink frogs
  6 hippogriffs
  Sigmund (D:4)
  A shadow (D:11)
  3 fire bats (Volcano)
  A redback (Lair:3)
  5 wyverns
  3 basilisks
  17 yaks
  2 hungry ghosts (D:8)
  2 mottled dragons
  A hell hound (Volcano)
  11 porcupines
  11 water moccasins
  2 hornet zombies
  3 black bears
  7 orc warriors
  A phantom (D:5)
  A necrophage (D:6)
  2 ice beasts
  A sky beast (D:10)
  9 ogres
  15 wolves
  3 slaves (D:7)
  12 centaurs
  14 crocodiles
  4 big kobolds
  A wyvern zombie (D:8)
  14 bullfrogs
  2 scorpions (D:10)
  8 killer bees
  5 howler monkeys
  6 crimson imps
  A bullfrog zombie (D:11)
  A quasit (D:10)
  8 jellies
  7 orc priests
  A gnoll shaman (D:10)
  6 hounds
  2 iguanas (D:8)
  2 bullfrog skeletons
  4 orc wizards
  7 worker ants
  A hound zombie (D:6)
  2 hound skeletons
  4 gnolls (D:10)
  2 worker ant zombies
  3 adders
  7 shadow imps
  2 worms (D:2)
  5 leopard geckos
  45 orcs
  2 ball pythons (D:5)
  3 giant cockroaches
  10 goblins
  2 hobgoblins
  16 jackals
  2 quokkas
  A ball python skeleton (D:4)
  10 bats
  9 frilled lizards
  A giant cockroach zombie (D:6)
  26 kobolds
  A quokka skeleton (D:5)
  9 rats
  A spectral orc (D:3)
  3 fungi
461 creatures vanquished.

Vanquished Creatures (collateral kills)
  2 bullfrogs (Lair:4)
  A plant (Lair:4)
3 creatures vanquished.

Vanquished Creatures (others)
  A gnoll sergeant (D:10)
  A bullfrog zombie (D:10)
  An orc priest (D:10)
  An orc wizard (D:10)
  4 gnolls (D:10)
  4 orcs (D:10)
  A giant cockroach (D:7)
  2 hobgoblins (D:2)
  3 jackals (D:10)
  5 fungi
  5 plants (Lair:6)
28 creatures vanquished.

Grand Total: 492 creatures vanquished

Notes
Turn   | Place    | Note
-------+----------+-------------------------------------------
     0 | D:1      | kraedy the Gargoyle Fighter began the quest for the Orb.
     0 | D:1      | Reached XP level 1. HP: 14/14 MP: 1/1
   135 | D:1      | Reached XP level 2. HP: 16/19 MP: 2/2
   738 | D:1      | Reached skill level 3 in Maces & Flails
   923 | D:2      | Reached XP level 3. HP: 23/23 MP: 3/3
   945 | D:2      | Found an iron altar of Okawaru.
   954 | D:2      | Became a worshipper of Warmaster Okawaru
  1557 | D:2      | Found a radiant altar of Vehumet.
  1721 | D:2      | Found a sparkling altar of Nemelex Xobeh.
  1722 | D:2      | Found a glowing silver altar of Zin.
  2108 | D:3      | Found a shimmering altar of Xom.
  2110 | D:3      | Found a shimmering altar of Xom.
  2110 | D:3      | Found a shimmering altar of Xom.
  2110 | D:3      | Found a shimmering altar of Xom.
  2179 | D:3      | Found an opulent altar of Gozag.
  2244 | D:3      | Reached XP level 4. HP: 28/28 MP: 4/4
  2249 | D:3      | Reached skill level 4 in Maces & Flails
  2381 | D:3      | Found a glowing golden altar of the Shining One.
  2584 | D:3      | Found a basalt altar of Yredelemnul.
  2748 | D:3      | Found a hide-covered altar of Uskayaw.
  2749 | D:3      | Noticed a dagger
  2750 | D:3      | Noticed a dagger
  2964 | D:4      | Reached XP level 5. HP: 32/32 MP: 5/5
  2965 | D:4      | Found Emapruc's Magic Scroll Shoppe.
  2970 | D:4      | Bought a scroll of identify for 24 gold pieces
  2970 | D:4      | Bought a scroll of enchant weapon for 90 gold pieces
  3024 | D:4      | Noticed Sigmund
  3277 | D:4      | Found a staircase to the Ecumenical Temple.
  3307 | D:5      | Entered Level 5 of the Dungeon
  3431 | D:5      | Reached skill level 5 in Maces & Flails
  3557 | D:5      | Found Hoimn's Antique Weapon Shoppe.
  3568 | D:5      | Noticed a phantom
  3610 | D:5      | Killed a phantom
  3610 | D:5      | Reached skill level 6 in Maces & Flails
  3610 | D:5      | Reached XP level 6. HP: 24/37 MP: 6/6
  3897 | D:5      | Reached * piety under Okawaru
  3960 | D:5      | Noticed Gorglomux's ghost (novice VSFi)
  3983 | D:5      | Killed Gorglomux's ghost
  3983 | D:5      | Reached ** piety under Okawaru
  3983 | D:5      | Reached skill level 7 in Maces & Flails
  3983 | D:5      | Reached XP level 7. HP: 31/41 MP: 4/7
  3994 | D:5      | Reached skill level 8 in Maces & Flails
  4002 | D:5      | Reached XP level 8. HP: 25/46 MP: 5/8
  4300 | D:5      | Reached skill level 9 in Maces & Flails
  4493 | D:6      | Reached *** piety under Okawaru
  4594 | D:6      | Reached skill level 10 in Maces & Flails
  4762 | D:6      | Found a deep blue altar of Sif Muna.
  5310 | D:7      | Found a bloodstained altar of Trog.
  5617 | D:7      | Reached skill level 11 in Maces & Flails
  5625 | D:7      | Reached XP level 9. HP: 45/51 MP: 7/9
  5669 | D:7      | Found a shattered altar of Ashenzari.
  5669 | D:7      | Found a hazy altar of Hepliaklqana.
  5745 | D:7      | Reached **** piety under Okawaru
  5884 | D:7      | Found a shattered altar of Ashenzari.
  5957 | D:7      | Reached skill level 1 in Dodging
  6180 | D:7      | Noticed Pikel
  6193 | D:7      | Reached skill level 1 in Invocations
  6377 | D:7      | Killed Pikel
  7164 | D:8      | Reached ***** piety under Okawaru
  7239 | D:8      | Reached XP level 10. HP: 41/58 MP: 12/12
  7791 | D:8      | Reached skill level 5 in Shields
  7803 | D:8      | Reached skill level 12 in Maces & Flails
  8036 | D:9      | Reached skill level 5 in Fighting
  8096 | D:9      | Reached skill level 5 in Armour
  8150 | D:9      | Received a gift from Okawaru
  8182 | D:9      | Got a crude chain mail {god gift}
  8193 | D:9      | Identified the +1 chain mail "Xithupn" {Str+5} (Okawaru gifted it to you on level 9 of the Dungeon)
  8274 | D:9      | Found a staircase to the Lair.
  8385 | D:9      | Noticed Erolcha
  8410 | D:9      | Killed Erolcha
  9035 | D:9      | Reached XP level 11. HP: 17/64 MP: 12/14
  9253 | D:9      | Noticed a hill giant
  9313 | D:8      | Reached skill level 5 in Invocations
 10014 | D:10     | Entered Level 10 of the Dungeon
 10014 | D:10     | Found an opulent altar of Gozag.
 11323 | D:10     | Found Aoho's Alliterative Accessories.
 11426 | D:10     | Killed an unseen horror
 11426 | D:10     | Reached skill level 13 in Maces & Flails
 12730 | D:10     | Received a gift from Okawaru
 12907 | D:10     | Found a staircase to the Orcish Mines.
 13959 | D:11     | Noticed a manticore
 13976 | D:11     | Killed a manticore
 14150 | D:11     | Noticed Urug
 14655 | Temple   | Entered the Ecumenical Temple
 14759 | Temple   | Gained mutation: You are agile. (Dex +2) [potion of mutation]
 14759 | Temple   | Gained mutation: You evolve. [potion of mutation]
 14759 | Temple   | Gained mutation: Scrolls take you a little longer to read. [potion of mutation]
 14761 | Temple   | Gained mutation: You are robust. (+10% HP) [potion of mutation]
 14761 | Temple   | Gained mutation: Your spells are a little easier to cast, but a little less powerful. [potion of mutation]
 14762 | Temple   | Gained mutation: Scrolls take you longer to read. [potion of mutation]
 14762 | Temple   | Gained mutation: Your magical capacity is low. (-10% MP) [potion of mutation]
 14762 | Temple   | Lost mutation: Your magical capacity is low. (-10% MP) [potion of mutation]
 14763 | Temple   | Gained mutation: You have a pair of small horns on your head. [potion of beneficial mutation]
 14764 | Temple   | Gained mutation: Your skin changes colour to match your surroundings (Stealth+). [potion of beneficial mutation]
 15413 | D:4      | Killed Sigmund
 15417 | D:4      | Gained mutation: You have an increased reservoir of magic. (+10% MP) [potion of mutation]
 15417 | D:4      | Lost mutation: Your spells are a little easier to cast, but a little less powerful. [potion of mutation]
 15511 | Lair:1   | Entered Level 1 of the Lair of Beasts
 15533 | Lair:1   | Reached XP level 12. HP: 79/79 MP: 18/18
 15608 | Lair:1   | Noticed Fannar
 15690 | D:9      | Killed Fannar
 15818 | Lair:1   | Found a dark tunnel.
 15828 | Volcano  | Entered a volcano
 15941 | Volcano  | Reached skill level 5 in Dodging
 17301 | Lair:2   | Gained mutation: Potions and wands are less effective at restoring your health. [potion of mutation]
 17301 | Lair:2   | Gained mutation: Your spells are a little harder to cast, but a little more powerful. [potion of mutation]
 17302 | Lair:2   | Lost mutation: You are robust. (+10% HP) [potion of mutation]
 17358 | Lair:2   | Reached skill level 14 in Maces & Flails
 17666 | Lair:2   | Identified the Papyrus of the Evil Mountains
 18098 | Lair:3   | Noticed a six-headed hydra
 18099 | Lair:3   | Found a staircase to the Swamp.
 18114 | Lair:3   | Killed a six-headed hydra
 18114 | Lair:3   | Received a gift from Okawaru
 18507 | Lair:3   | Noticed a seven-headed hydra
 18527 | Lair:3   | Killed a seven-headed hydra
 18791 | Lair:3   | Found a hole to the Spider Nest.
 18963 | Lair:3   | Lost mutation: You have a pair of small horns on your head. [potion of cure mutation]
 18963 | Lair:3   | Lost mutation: You evolve. [potion of cure mutation]
 18963 | Lair:3   | Lost mutation: Your spells are a little harder to cast, but a little more powerful. [potion of cure mutation]
 19564 | Lair:4   | Reached XP level 13. HP: 79/79 MP: 12/20
 19647 | Lair:4   | Received a gift from Okawaru
 19716 | Lair:4   | Got an ancient demon whip {god gift}
 19717 | Lair:4   | Identified the +3 demon whip of Tofohaom {freeze, rF+++ rC- Int+3 Dex+3} (Okawaru gifted it to you on level 4 of the Lair of Beasts)
 20702 | Lair:5   | Noticed Franakus's ghost (journeyman DECj)
 20767 | Lair:5   | Killed Franakus's ghost
 21508 | Lair:6   | Entered Level 6 of the Lair of Beasts
 21524 | Lair:6   | Received a gift from Okawaru
 21808 | Lair:6   | Found a viscous altar of Jiyva.
 21809 | Lair:6   | Found a staircase to the Slime Pits.
 22005 | Lair:6   | Gained mutation: Scrolls take you much longer to read. [potion of mutation]
 22005 | Lair:6   | Gained mutation: You have sharp toenails. [potion of mutation]
 22005 | Lair:6   | Lost mutation: You are agile. (Dex +2) [potion of mutation]
 22028 | Lair:6   | Gained mutation: Your natural rate of healing is unusually fast. [potion of beneficial mutation]
 22137 | Lair:6   | Reached skill level 15 in Maces & Flails
 22298 | Lair:6   | Reached ****** piety under Okawaru
 22334 | Lair:6   | Received a gift from Okawaru
 22401 | Lair:6   | Gained mutation: Your large and strong wings let you fly indefinitely. [Gargoyle growth]
 22401 | Lair:6   | Reached XP level 14. HP: 86/86 MP: 22/22
 22727 | Lair:6   | Noticed a dire elephant
 22728 | Lair:6   | Noticed a dire elephant
 22753 | Lair:6   | Killed a dire elephant
 22776 | Lair:6   | HP: 3/87 [wind drake/the air (8)]
 22788 | Lair:6   | Killed from afar by a wind drake

Skill      XL: |  1  2  3  4  5  6  7  8  9 10 11 12 13 14 |
---------------+-------------------------------------------+-----
Maces & Flails | 3 4 6 7 8 11 12 13 14 15 | 15.4
Dodging        | 2 3 4 5 6 7 |  7.1
Invocations    | 3 4 6 7 9 |  9.3
Fighting       | 4 5 7 8 9 |  9.6
Armour         | 4 5 7 8 9 |  9.7
Shields        | 4 5 7 8 9 |  9.6

Action                   |  1- 3 |  4- 6 |  7- 9 | 10-12 | 13-15 || total
-------------------------+-------+-------+-------+-------+-------++-------
Melee: Flail             |   184 |   133 |       |       |       ||   317
       Whip              |       |    38 |   588 |  1796 |   135 ||  2557
       Headbutt          |       |       |       |   100 |       ||   100
       Demon whip        |       |       |       |       |   529 ||   529
Invok: Heroism           |       |     1 |     1 |    19 |     3 ||    24
       Finesse           |       |       |       |     8 |     3 ||    11
 Abil: Fly               |       |       |       |       |     1 ||     1
  Use: Scroll            |       |    10 |     8 |    10 |     3 ||    31
       Potion            |       |     1 |     2 |    25 |     5 ||    33
 Stab: Invisible         |       |       |       |     4 |       ||     4
       Sleeping          |       |       |       |     1 |       ||     1
  Eat: Chunk             |     4 |     6 |     9 |    34 |    10 ||    63
       Beef jerky        |       |       |     1 |       |       ||     1
       Fruit             |       |       |     1 |     5 |       ||     6
       Pizza             |       |       |       |     5 |       ||     5
Armor: Scale mail        |   137 |   105 |    64 |       |       ||   306
       Plate armour      |       |       |   182 |   391 |   338 ||   911
       Chain mail        |       |       |       |   259 |       ||   259
       Skin              |       |       |       |    26 |       ||    26
Dodge: Dodged            |    67 |    69 |    86 |   376 |   185 ||   783
Block: Shield            |   113 |    92 |   198 |   669 |   337 ||  1409
